% Time on Ice - SACRAMENTO BANDITS
Lines # - Real PCT - Wanted PCT - Time Play
Normal Forward
1 - 37% - 35% - 18:12
2 - 36% - 35% - 17:34
3 - 21% - 25% - 10:20
4 - 5% - 5% - 2:28
Normal Defense
1 - 35% - 36% - 16:54
2 - 34% - 31% - 16:40
3 - 24% - 23% - 11:41
4 - 7% - 10% - 3:19
PP Forward
1 - 48% - 55% - 1:19
2 - 52% - 45% - 1:26
PP Defense
1 - 53% - 55% - 1:27
2 - 47% - 45% - 1:18
PK Forward
1 - 55% - 55% - 3:09
2 - 45% - 45% - 2:34
PK Defense
1 - 55% - 55% - 3:08
2 - 45% - 45% - 2:35
PK3 Forward
1 - 0% - 55%
2 - 0% - 45%
PK3 Defense
1 - 0% - 55%
2 - 0% - 45%
44 Forward
1 - 74% - 55% - 1:28
2 - 26% - 45% - 0:31
44 Defense
1 - 26% - 55% - 0:31
2 - 74% - 45% - 1:28
Last Minute Offensive  - 0:59
Last Minute Defensive  - 0:00
Total
Forward - 60:00
Defense - 60:00
% Time on Ice - RENO LIONS
Lines # - Real PCT - Wanted PCT - Time Play
Normal Forward
1 - 38% - 40% - 18:35
2 - 33% - 35% - 16:00
3 - 20% - 20% - 9:37
4 - 10% - 5% - 4:50
Normal Defense
1 - 35% - 36% - 17:17
2 - 37% - 36% - 18:15
3 - 25% - 23% - 12:30
4 - 2% - 5% - 1:00
PP Forward
1 - 49% - 55% - 2:47
2 - 51% - 45% - 2:56
PP Defense
1 - 53% - 55% - 3:03
2 - 47% - 45% - 2:40
PK Forward
1 - 68% - 55% - 1:53
2 - 32% - 45% - 0:52
PK Defense
1 - 46% - 55% - 1:16
2 - 54% - 45% - 1:29
PK3 Forward
1 - 75% - 55% - 1:01
2 - 25% - 45% - 0:20
PK3 Defense
1 - 32% - 55% - 0:26
2 - 68% - 45% - 0:55
44 Forward
1 - 100% - 60% - 0:38
2 - 0% - 40% - 0:00
44 Defense
1 - 95% - 60% - 0:36
2 - 5% - 40% - 0:02
Last Minute Offensive  - 0:00
Last Minute Defensive  - 0:31
Total
Forward - 60:00
Defense - 60:00
Play-by-Play 1st period 0:01 of 1st period - Elias Pettersson wins face-off versus Alexander DeBrincat in neutral zone. 0:25 of 1st period - Shot by Elias Pettersson. 0:25 of 1st period - Shot Misses the Net. 0:57 of 1st period - Shot by Blake Coleman. 0:57 of 1st period - Stopped by Andrei Vasilevskiy without a rebound. 0:58 of 1st period - Lars Eller wins face-off versus Pierre-Luc Dubois in SACRAMENTO BANDITS zone. 1:10 of 1st period - Icing by Blake Coleman. 1:11 of 1st period - Pierre-Luc Dubois wins face-off versus Gabriel Dumont in RENO LIONS zone. 2:28 of 1st period - Shot by Evgeny Dadonov. 2:28 of 1st period - Stopped by Andrei Vasilevskiy without a rebound. 2:29 of 1st period - William Karlsson wins face-off versus Kyle Turris in SACRAMENTO BANDITS zone. 3:16 of 1st period - Icing by Juuso Valimaki. 3:17 of 1st period - William Karlsson wins face-off versus Lars Eller in RENO LIONS zone. 3:54 of 1st period - Shot by Jamie Benn. 3:54 of 1st period - Shot Misses the Net. 4:22 of 1st period - Shot by Kirill Kaprizov. 4:22 of 1st period - Stopped by Andrei Vasilevskiy without a rebound. 4:23 of 1st period - Tomas Nosek wins face-off versus Alexander DeBrincat in SACRAMENTO BANDITS zone. 4:38 of 1st period - Shot by Alexander DeBrincat. 4:38 of 1st period - Shot Blocked by Ethan Bear. 4:40 of 1st period - Shot by John Carlson. 4:40 of 1st period - Stopped by Elvis Merzlikins without a rebound. 4:41 of 1st period - Elias Pettersson wins face-off versus Colton Sissons in RENO LIONS zone. 5:50 of 1st period - Shot by Jonathan Huberdeau. 5:50 of 1st period - Stopped by Elvis Merzlikins without a rebound. 5:51 of 1st period - Jamie Benn wins face-off versus Tyler Benson in RENO LIONS zone. 5:57 of 1st period - Icing by Oliver Ekman-Larsson. 5:58 of 1st period - Lars Eller wins face-off versus Tomas Nosek in RENO LIONS zone. 6:02 of 1st period - Jamie Benn is hit by Oliver Ekman-Larsson and loses puck. 6:51 of 1st period - Icing by Ethan Bear. 6:52 of 1st period - Alexander DeBrincat wins face-off versus Jayce Hawryluk in RENO LIONS zone. 6:53 of 1st period - Shot by Jonathan Huberdeau. 6:53 of 1st period - Shot Misses the Net. 6:58 of 1st period - Oliver Ekman-Larsson is hit by John Carlson and loses puck. 7:21 of 1st period - Shot by Alexander DeBrincat. 7:21 of 1st period - Shot Hit the Post. 7:29 of 1st period - Shot by Brock Boeser. 7:29 of 1st period - Deflect By Alexander DeBrincat. 7:29 of 1st period - Shot Misses the Net. 8:00 of 1st period - Mikhail Sergachev is hit by Pierre-Luc Dubois and loses puck. 9:23 of 1st period - Shot by Evgeny Dadonov. 9:23 of 1st period - Deflect By William Karlsson. 9:23 of 1st period - Shot Misses the Net. 9:25 of 1st period - Shot by William Karlsson. 9:25 of 1st period - Shot Blocked by Joel Edmundson. 9:27 of 1st period - Shot by William Karlsson. 9:27 of 1st period - Stopped by Andrei Vasilevskiy without a rebound. 9:28 of 1st period - Kyle Turris wins face-off versus Kirill Kaprizov in SACRAMENTO BANDITS zone. 9:45 of 1st period - Shot by Anders Lee. 9:45 of 1st period - Stopped by Andrei Vasilevskiy without a rebound. 9:46 of 1st period - Colton Sissons wins face-off versus Tomas Nosek in SACRAMENTO BANDITS zone. 9:46 of 1st period - Ben Harpur is hit by Jayce Hawryluk and loses puck. 9:50 of 1st period - Icing by Ben Harpur. 9:51 of 1st period - Colton Sissons wins face-off versus Elias Pettersson in SACRAMENTO BANDITS zone. 10:02 of 1st period - Shot by Elias Pettersson. 10:02 of 1st period - Shot Misses the Net. 10:04 of 1st period - Shot by Elias Pettersson. 10:04 of 1st period - Shot Blocked by Colton Sissons. 10:20 of 1st period - Shot by Elias Pettersson. 10:20 of 1st period - Shot Misses the Net. 10:30 of 1st period - Colton Sissons is hit by Anders Lee and loses puck. 10:59 of 1st period - Shot by Pierre-Luc Dubois. 10:59 of 1st period - Stopped by Andrei Vasilevskiy without a rebound. 11:00 of 1st period - William Karlsson wins face-off versus Lars Eller in SACRAMENTO BANDITS zone. 11:06 of 1st period - Evgeny Dadonov is hit by Mikhail Sergachev. 11:22 of 1st period - Shot by Lars Eller. 11:22 of 1st period - Stopped by Elvis Merzlikins without a rebound. 11:23 of 1st period - Cam Atkinson wins face-off versus Alexander DeBrincat in RENO LIONS zone. 11:23 of 1st period - Cam Atkinson is hit by Brock Boeser. 11:37 of 1st period - Shot by Blake Coleman. 11:37 of 1st period - Stopped by Andrei Vasilevskiy without a rebound. 11:38 of 1st period - Lars Eller wins face-off versus Elias Pettersson in SACRAMENTO BANDITS zone. 11:50 of 1st period - Jamie Benn is hit by Oliver Ekman-Larsson and loses puck. 11:58 of 1st period - John Carlson is hit by Ethan Bear and loses puck. 12:57 of 1st period - Off-side. 12:58 of 1st period - Colton Sissons wins face-off versus Leo Komarov in neutral zone. 14:35 of 1st period - Icing by Joel Edmundson. 14:36 of 1st period - Alexander DeBrincat wins face-off versus Elias Pettersson in SACRAMENTO BANDITS zone. 14:57 of 1st period - Shot by Alexander DeBrincat. 14:57 of 1st period - Stopped by Elvis Merzlikins without a rebound. 14:58 of 1st period - William Karlsson wins face-off versus Lars Eller in RENO LIONS zone. 16:56 of 1st period - Shot by Brock Boeser. 16:56 of 1st period - Stopped by Elvis Merzlikins with a rebound. 17:15 of 1st period - Jonathan Huberdeau is hit by Ethan Bear. 17:48 of 1st period - Minor Penalty to Filip Hronek for Interference. 17:49 of 1st period - Elias Pettersson wins face-off versus Lars Eller in SACRAMENTO BANDITS zone. 18:23 of 1st period - Icing by Jacob Trouba. 18:24 of 1st period - Lars Eller wins face-off versus Elias Pettersson in RENO LIONS zone. 19:05 of 1st period - Shot by Blake Coleman. 19:05 of 1st period - Deflect By Pierre-Luc Dubois. 19:05 of 1st period - Stopped by Andrei Vasilevskiy without a rebound. 19:06 of 1st period - Pierre-Luc Dubois wins face-off versus Alexander DeBrincat in SACRAMENTO BANDITS zone. 19:23 of 1st period - Shot by Justin Schultz. 19:23 of 1st period - Stopped by Andrei Vasilevskiy without a rebound. 19:24 of 1st period - Pierre-Luc Dubois wins face-off versus Alexander DeBrincat in SACRAMENTO BANDITS zone. 19:35 of 1st period - Shot by Oliver Ekman-Larsson. 19:35 of 1st period - Stopped by Andrei Vasilevskiy without a rebound. 19:36 of 1st period - Elias Pettersson wins face-off versus Lars Eller in SACRAMENTO BANDITS zone. 19:37 of 1st period - Shot by Kirill Kaprizov. 19:37 of 1st period - Goal by Kirill Kaprizov - SACRAMENTO BANDITS : 0 - RENO LIONS : 1. 19:38 of 1st period - Leo Komarov wins face-off versus Kyle Turris in neutral zone. 19:41 of 1st period - Kyle Turris is hit by Leo Komarov and loses puck. 19:56 of 1st period - Shot by William Karlsson. 19:56 of 1st period - Shot Misses the Net. 19:58 of 1st period - Shot by William Karlsson. 19:58 of 1st period - Stopped by Andrei Vasilevskiy with a rebound. Goals for this period are 0 for SACRAMENTO BANDITS vs 1 for RENO LIONS. Shots for this period are 5 for SACRAMENTO BANDITS vs 12 for RENO LIONS. 2nd period 0:01 of 2nd period - Lars Eller wins face-off versus Pierre-Luc Dubois in neutral zone. 0:36 of 2nd period - Shot by Lars Eller. 0:36 of 2nd period - Deflect By Jamie Benn. 0:36 of 2nd period - Shot Misses the Net. 1:03 of 2nd period - Icing by Joel Edmundson. 1:04 of 2nd period - Elias Pettersson wins face-off versus Jonathan Huberdeau in SACRAMENTO BANDITS zone. 1:07 of 2nd period - Shot by Elias Pettersson. 1:07 of 2nd period - Stopped by Andrei Vasilevskiy without a rebound. 1:08 of 2nd period - Elias Pettersson wins face-off versus Brock Boeser in SACRAMENTO BANDITS zone. 1:36 of 2nd period - Shot by Alexander DeBrincat. 1:36 of 2nd period - Shot Blocked by Anders Lee. 2:26 of 2nd period - Shot by Juuso Valimaki. 2:26 of 2nd period - Stopped by Andrei Vasilevskiy without a rebound. 2:27 of 2nd period - Pierre-Luc Dubois wins face-off versus Colton Sissons in SACRAMENTO BANDITS zone. 3:33 of 2nd period - Blake Coleman is hit by John Carlson and loses puck. 3:53 of 2nd period - William Karlsson is hit by Tom Wilson and loses puck. 4:10 of 2nd period - Shot by Brock Boeser. 4:10 of 2nd period - Shot Misses the Net. 4:12 of 2nd period - Shot by Alexander DeBrincat. 4:12 of 2nd period - Deflect By Jonathan Huberdeau. 4:12 of 2nd period - Stopped by Elvis Merzlikins with a rebound. 4:25 of 2nd period - Icing by Filip Hronek. 4:26 of 2nd period - Alexander DeBrincat wins face-off versus Elias Pettersson in SACRAMENTO BANDITS zone. 4:35 of 2nd period - Oliver Ekman-Larsson is hit by Brock Boeser and loses puck. 5:07 of 2nd period - Filip Hronek is hit by Anders Lee and loses puck. 5:35 of 2nd period - Jacob Trouba is hit by Lars Eller and loses puck. 5:41 of 2nd period - Icing by Justin Schultz. 5:42 of 2nd period - Tomas Nosek wins face-off versus Colton Sissons in RENO LIONS zone. 5:59 of 2nd period - Jacob Trouba is hit by Lukas Vejdemo and loses puck. 6:11 of 2nd period - Colton Sissons is hit by Jayce Hawryluk and loses puck. 6:41 of 2nd period - Minor Penalty to Blake Coleman for Tripping. 6:42 of 2nd period - Lars Eller wins face-off versus Evgeny Dadonov in RENO LIONS zone. 6:47 of 2nd period - Shot by Jamie Benn. 6:47 of 2nd period - Deflect By Tom Wilson. 6:47 of 2nd period - Shot Misses the Net. 6:49 of 2nd period - Shot by Lars Eller. 6:49 of 2nd period - Goal by Lars Eller - SACRAMENTO BANDITS : 1 - RENO LIONS : 1. 6:50 of 2nd period - Lars Eller wins face-off versus Elias Pettersson in neutral zone. 7:10 of 2nd period - Shot by Jamie Benn. 7:10 of 2nd period - Stopped by Elvis Merzlikins without a rebound. 7:11 of 2nd period - Pierre-Luc Dubois wins face-off versus Alexander DeBrincat in RENO LIONS zone. 7:21 of 2nd period - Icing by Joel Edmundson. 7:22 of 2nd period - Alexander DeBrincat wins face-off versus Elias Pettersson in SACRAMENTO BANDITS zone. 7:22 of 2nd period - Alexander DeBrincat is hit by Anders Lee. 7:44 of 2nd period - Off-side. 7:45 of 2nd period - Lars Eller wins face-off versus Pierre-Luc Dubois in neutral zone. 7:59 of 2nd period - John Carlson is hit by Blake Coleman and loses puck. 8:08 of 2nd period - Tom Wilson is hit by Blake Coleman and loses puck. 8:13 of 2nd period - Shot by Cam Atkinson. 8:13 of 2nd period - Goal by Cam Atkinson - SACRAMENTO BANDITS : 1 - RENO LIONS : 2. 8:14 of 2nd period - Alexander DeBrincat wins face-off versus Elias Pettersson in neutral zone. 8:31 of 2nd period - Shot by Kirill Kaprizov. 8:31 of 2nd period - Stopped by Andrei Vasilevskiy without a rebound. 8:32 of 2nd period - Colton Sissons wins face-off versus William Karlsson in SACRAMENTO BANDITS zone. 8:53 of 2nd period - Shot by William Karlsson. 8:53 of 2nd period - Stopped by Andrei Vasilevskiy without a rebound. 8:54 of 2nd period - Lars Eller wins face-off versus Elias Pettersson in SACRAMENTO BANDITS zone. 8:54 of 2nd period - Lars Eller is hit by Elias Pettersson. 9:08 of 2nd period - Shot by Jamie Benn. 9:08 of 2nd period - Shot Blocked by Justin Schultz. 9:18 of 2nd period - Shot by Lars Eller. 9:18 of 2nd period - Shot Blocked by Jacob Trouba. 9:23 of 2nd period - Off-side. 9:24 of 2nd period - Alexander DeBrincat wins face-off versus Pierre-Luc Dubois in neutral zone. 9:32 of 2nd period - Off-side. 9:33 of 2nd period - Pierre-Luc Dubois wins